 Dungeon Crawl Stone Soup version 0.31.0-9-g3a7656b989 (webtiles) character file.

Game seed: 13717540516250624188

51 qw the Shooter (level 3, -3/18 HPs)
             Began as a Spriggan Hunter on Feb 2, 2024.
             Slain by a goblin
             ... wielding a +0 club
             ... led by Robin
              (5 damage)
             ... on level 3 of the Dungeon.
             The game lasted 00:00:06 (1898 turns).

qw the Shooter (Spriggan Hunter)                    Turns: 1898, Time: 00:00:06

Health: -3/18      AC:  5    Str:  5 (7)  XL:     3   Next: 57%
Magic:  4/4        EV: 19    Int: 11 (13) God:
Gold:   142        SH:  0    Dex: 18 (20) Spells: 2/2 levels left

rFire   + . .        a - +0 shortbow (heavy)
rCold   . . .        (shield currently unavailable)
rNeg    . . .        c - +0 robe
rPois   .            (helmet restricted)
rElec   .            b - +2 cloak "Rean" {Int+3}
rCorr   .            (gloves unavailable)
SInv    +            (boots unavailable)
Will    .....        (no amulet)
Stlth   ++           h - ring of protection from fire
HPRegen 0.23/turn    (no ring)
MPRegen 0.09/turn

%: no passive effects
@: very quick
A: very small, no large weapons, unfitting armour, see invisible, speed 3
a: no special abilities


You were on level 3 of the Dungeon.
You visited 1 branch of the dungeon, and saw 3 of its levels.

You collected 142 gold pieces.


Innate Abilities, Weirdness & Mutations

You are very small and have problems with some larger weapons.
You are too small for most types of armour.
You have supernaturally acute eyesight. (SInv)
You cover ground extremely quickly. (Speed+++)


   Skills:
 - Level 1.5 Fighting
 + Level 4.8 Ranged Weapons
 - Level 4.0 Dodging
 - Level 1.5 Stealth


You had 2 spell levels left.
You didn't know any spells.
Your spell library was empty.

Inventory:

Hand Weapons
 a - a +0 heavy shortbow (weapon)
Armour
 b - the +2 cloak "Rean" (worn) {Int+3}
   (You acquired it on level 2 of the Dungeon)

   Int+3:     It affects your intelligence (+3).
 c - a +0 robe (worn)
Jewellery
 h - a ring of protection from fire (left hand)
Scrolls
 d - a scroll of identify
Potions
 e - a potion of curing
 f - a potion of haste

Dungeon Overview and Level Annotations

Branches:
Dungeon (3/15)

Altars:
Xom

Annotations:
D:3 Robin


Message History

The goblin moves out of view.
You hear a shout!
You shoot an arrow. The arrow hits the goblin!
You kill the goblin!
Robin of the Strong Arm comes into view.
They are wielding a +1 spear of venom.
You shoot an arrow. The arrow barely misses the goblin.
A hobgoblin comes into view.
The goblin shoots a sling bullet.
The sling bullet hits you.
1892 ||| FLEEEEING.
1893 ||| FLEEEEING.
Robin throws the goblin at you! The goblin misses you.
You shoot an arrow. The arrow barely misses the goblin.
The goblin shoots a sling bullet.
The sling bullet completely misses you. Robin throws the goblin at you!
The goblin closely misses you.
You shoot an arrow. The arrow hits the goblin.
The goblin is severely wounded.
The goblin hits you with a +0 club. The goblin misses you.
The goblin hits you but does no damage. x2
You shoot an arrow. The arrow hits the goblin.
You kill the goblin!
The goblin completely misses you.
A goblin comes into view. It is wielding a +0 dagger.
The goblin shoots a sling bullet.
The sling bullet misses you. The goblin completely misses you.
Robin roars a battlecry!
The goblins go into a battle-frenzy!
The goblin hits you but does no damage.
A goblin comes into view. It is wielding a +0 dagger.
The goblin shoots a sling bullet.
The sling bullet barely misses you.
You shoot an arrow. The arrow closely misses the goblin.
The goblin shouts!
The goblin hits you but does no damage. Robin throws the goblin at you!
The goblin hits you with a +0 dagger.
The goblin unwields a +0 sling.
The goblin wields a +0 club.
The goblin completely misses you. The goblin misses you.
The goblin hits you with a +0 dagger. The hobgoblin hits you.
You shoot an arrow. The arrow hits the goblin!
You kill the goblin!
The goblin hits you with a +0 club.
You die...

.#. ..# ^. #..# 77 ~.
#.# ..##.7~P.
#.####.....7~P
#.<.........7 .
########.##..#....##P.
.....................
#.g................
#.g@...!..........#
#.g#).#######......
#...#%.#$$...#......
...g.)$..#...$.#......
....g.#.#.#.$_..#.(....
..g.......#....$#.....#
##...)....#.?...#.#####
.........###+###.# .
).............


You could see Robin, a hobgoblin (strong) and 4 goblins.

Vanquished Creatures
  An adder (D:2)
  A dart slug (D:2)
  4 ball pythons
  3 bats
  An endoplasm (D:2)
  7 goblins
  2 hobgoblins (D:1)
  2 jackals (D:2)
  3 quokkas (D:1)
  3 frilled lizards
  6 kobolds
  6 rats
39 creatures vanquished.

Notes
Turn   | Place    | Note
-------+----------+-------------------------------------------
     0 | D:1      | qw the Spriggan Hunter began the quest for the Orb.
     0 | D:1      | Reached XP level 1. HP: 10/10 MP: 2/2
     0 | D:1      | 0 ||| qw: Version: 0.3-a-155-g5e7d8dd
     0 | D:1      | 0 ||| qw: Game counter: 1566
     0 | D:1      | 0 ||| qw: Melee chars always use a shield: true
     0 | D:1      | 0 ||| qw: God list: Okawaru
     0 | D:1      | 0 ||| qw: Allow faded altars: false
     0 | D:1      | 0 ||| qw: Do Orc after clearing Dungeon:15 true
     0 | D:1      | 0 ||| qw: Do second Lair branch before Depths: true
     0 | D:1      | 0 ||| qw: Lair rune preference: random
     0 | D:1      | 0 ||| qw: Goals: Normal
     0 | D:1      | 0 ||| PLANNING D:1-11
    29 | D:1      | Reached skill level 3 in Dodging
   133 | D:1      | Found a faded altar of an unknown god.
   252 | D:1      | HP: 2/10 [kobold/+0 club (1)]
   255 | D:1      | Reached XP level 2. HP: 3/14 MP: 3/3
  1032 | D:1      | 1032 ||| READING scroll labelled HUL WOSULOGU.
  1036 | D:1      | 1036 ||| READING scroll labelled BUAFIBB DUSEWO.
  1137 | D:1      | 1137 ||| DRINKING 2 bubbling pink potions.
  1138 | D:1      | 1138 ||| DROPPING scroll of butterflies.
  1224 | D:2      | Reached XP level 3. HP: 18/18 MP: 4/4
  1250 | D:2      | 1250 ||| FLEEEEING.
  1252 | D:2      | 1252 ||| FLEEEEING.
  1254 | D:2      | 1254 ||| FLEEEEING.
  1821 | D:2      | 1821 ||| UPGRADING to +0 cloak.
  1826 | D:2      | 1826 ||| DROPPING amulet of magic regeneration.
  1827 | D:2      | 1827 ||| UPGRADING to ring of protection from fire.
  1828 | D:2      | 1828 ||| READING scroll labelled ERGHEHI LOGG.
  1828 | D:2      | Identified a scroll of acquirement
  1828 | D:2      | 1828 ||| ACQUIRING +2 cloak "Rean" {Int+3}
  1828 | D:2      | Acquired the +2 cloak "Rean" {Int+3}
  1830 | D:2      | 1830 ||| UPGRADING to +2 cloak "Rean" {Int+3}.
  1840 | D:2      | 1840 ||| DROPPING +0 cloak.
  1841 | D:2      | 1841 ||| READING scroll labelled TAURCHU OTHRISEV.
  1841 | D:2      | 1841 ||| IDENTIFYING metallic amethyst potion
  1842 | D:2      | 1842 ||| READING scroll labelled ZAYLYST ESIU.
  1842 | D:2      | 1842 ||| BRANDING +0 shortbow.
  1843 | D:2      | 1843 ||| READING scroll labelled TOBEIP IHOXT.
  1844 | D:2      | 1844 ||| DRINKING 2 lumpy emerald potions.
  1845 | D:2      | 1845 ||| DROPPING potion of degeneration.
  1865 | D:3      | Found a shimmering altar of Xom.
  1876 | D:3      | 1876 ||| READING 2 scrolls of identify.
  1876 | D:3      | 1876 ||| IDENTIFYING amethyst potion
  1877 | D:3      | 1877 ||| DROPPING potion of invisibility.
  1890 | D:3      | Noticed Robin
  1892 | D:3      | 1892 ||| FLEEEEING.
  1893 | D:3      | 1893 ||| FLEEEEING.
  1897 | D:3      | HP: 2/18 [hobgoblin[Robin] (4)]
  1898 | D:3      | Slain by a goblin

Levels and vault maps discovered:
D:1:      dpeg_arrival_tiny_f, layout_basic, shapermc_ecumenical_altar_pompeii,
          hex_intersection, st_stairs_13, minmay_hedge_maze, minivault_14,
          amethyst_killhole, kennysheep_another_room
D:2:      layout_loops_ring
D:3:      layout_rooms, marbit_many_paths, amcnicky_altar_gilded,
          lemuel_tele_altar, led_sif_pool, ebering_ghost_reflecting_pool,
          serial_bayou, serial_bayou_shore_a, serial_bayou_lagoon_a,
          serial_bayou_shore_b, serial_bayou_ford_a, serial_bayou_lake_a,
          uniq_robin, uniq_ijyb, uniq_natasha

Skill      XL: |  1  2 |
---------------+-------+-----
Dodging        | 3 4 |  4.0
Fighting       | |  1.5
Ranged Weapons | |  4.8
Stealth        | |  1.5

Action                     || total
---------------------------++-------
   Fire: Shortbow          ||   100
    Use: Scroll            ||     7
         Potion            ||     2
 Armour: Robe              ||    24
  Dodge: Dodged            ||    41

Table legend:
 A = Non-vault XP
 B = Vault XP
 C = Vault XP percentage of total XP
 D = Non-vault monster count
 E = Vault monster count
 F = Vault count percentage of total count
                 A         B        C        D         E       F
            +---------+---------+-------+---------+---------+-------
      Total |      64 |      11 |  14.7 |      33 |       6 |  15.4
            +---------+---------+-------+---------+---------+-------
        D:1 |      28 |       2 |   6.7 |      19 |       1 |   5.0
        D:2 |      34 |       0 |   0.0 |      12 |       0 |   0.0
        D:3 |       2 |       9 |  81.8 |       2 |       5 |  71.4
            +---------+---------+-------+---------+---------+-------
